 Dungeon Crawl Stone Soup version 0.28-a0-580-ga2639ab843 (webtiles) character file.

Game seed: 8413924391299200253

10802 jasper the Tainter (level 11, -15/81 HPs)
             Began as a Demonspawn Cinder Acolyte on Oct 3, 2021.
             Was a Believer of Ignis.
             Killed from afar by an acid dragon (25 damage)
             ... with a splash of acid
             ... on level 11 of the Dungeon.
             The game lasted 00:20:47 (13924 turns).

jasper the Tainter (Demonspawn Cinder Acolyte)     Turns: 13924, Time: 00:20:47

Health: -15/81     AC: 14    Str: 14    XL:     11   Next: 41%
Magic:  17/22      EV: 12    Int: 19    God:    Ignis [**....]
Gold:   932        SH:  6    Dex:  9    Spells: 2/25 levels left

rFire   + + .      SeeInvis .   D - staff of conjuration
rCold   x . .      Faith    .   (no shield)
rNeg    . . .      Spirit   .   o - +0 steam dragon scales
rPois   .          Reflect  .   A - +2 hat
rElec   .          Harm     .   f - +1 cloak
rCorr   .          Rampage  .   h - +0 pair of gloves
Will    .....                   (no boots)
Stlth   +.........              q - amulet of the acrobat
HPRegen 0.23/turn               u - +4 ring of protection
MPRegen 0.18/turn               E - ring of fire

@: no status effects
A: talons 1, large bone plates 2, powered by pain 1, demonic magic 2
a: Renounce Religion, Sea of Fire, Foxfire Swarm, Rising Flame


You were on level 11 of the Dungeon.
You worshipped Ignis.
Ignis was pleased with you.
You visited 2 branches of the dungeon, and saw 12 of its levels.
You also visited: Bailey.

You collected 1058 gold pieces.
You spent 126 gold pieces at shops.

Inventory:

Hand Weapons
 a - a -1 hand axe of flaming
 l - the +2 dagger of Zunonkam {vorpal, Contam rPois rC++ Int+4}
   (You bought it in a shop on level 3 of the Dungeon)

   It inflicts extra damage upon your enemies.
   Int:       It affects your intelligence (+4).
   rC:        It greatly protects you from cold.
   rPois:     It protects you from poison.
   Contam:    It causes magical contamination when unequipped.
 m - the +1 dagger of Discord {spect, Contam *Corrode Str+9 SInv}
   (You found it on level 4 of the Dungeon)

   When its wielder attacks, the weapon's spirit leaps out and strikes again.
   The spirit shares a part of any damage it takes with its wielder.
   Str:       It affects your strength (+9).
   SInv:      It lets you see invisible.
   Contam:    It causes magical contamination when unequipped.
   *Corrode:  It may corrode you when you take damage.
 v - a +4 quarterstaff of chaos
Missiles
 j - 23 javelins
 k - 208 stones
 J - a curare-tipped dart
 K - 2 throwing nets
Armour
 b - a +0 robe
 d - a +2 ring mail of poison resistance
 f - a +1 cloak (worn)
 h - a +0 pair of gloves (worn)
 o - +0 steam dragon scales (worn)
 w - a +0 pair of gloves
 A - a +2 hat (worn)
 O - +0 acid dragon scales
Magical Staves
 C - a staff of poison
 D - a staff of conjuration (weapon)
Jewellery
 q - an amulet of the acrobat (around neck)
 s - a ring of see invisible
 u - a +4 ring of protection (left hand)
 E - a ring of fire (right hand)
Wands
 y - a wand of iceblast (2)
 z - a wand of charming (9)
 G - a wand of polymorph (10)
Scrolls
 g - 4 scrolls of teleportation
 i - a scroll of fear
 p - 2 scrolls of blinking
 t - a scroll of fog
 x - 2 scrolls of immolation
 B - 3 scrolls of enchant armour
 M - 2 scrolls of vulnerability
Potions
 c - 3 potions of brilliance
 n - 3 potions of flight
 r - 3 potions of degeneration
 H - a potion of cancellation
 I - a potion of resistance
 L - a potion of mutation
 N - a potion of curing


   Skills:
 - Level 5.7 Fighting
 - Level 2.6 Axes
 - Level 4.2 Dodging
 - Level 7.5 Spellcasting
 + Level 8.2 Conjurations
 - Level 1.2 Translocations
 - Level 5.1 Transmutations
 + Level 6.1 Fire Magic
 - Level 8.6 Poison Magic


You had 2 spell levels left.
You knew the following spells:

 Your Spells              Type           Power      Damage    Failure   Level
a - Scorch                Fire           90%        2d9       1%          2
b - Olgreb's Toxic Radia  Pois           40%        N/A       2%          4
c - Sticky Flame          Conj/Fire      67%        2d8       4%          4
d - Apportation           Tloc           22%        N/A       6%          1
e - Blink                 Tloc           N/A        N/A       9%          2
f - Alistair's Intoxicat  Tmut/Pois      22%        N/A       16%         5
g - Fireball              Conj/Fire      33%        3d14      14%         5

Your spell library contained the following spells:

 Spells                   Type           Power      Damage    Failure   Level
 Sting                    Tmut/Pois      100%       1d8       1%          1
 Poisonous Vapours        Pois/Air       46%        N/A       2%          2
 Static Discharge         Conj/Air       34%        N/A       2%          2
 Summon Small Mammal      Summ           28%        N/A       10%         1
 Gell's Gravitas          Tloc           5%         N/A       17%         3
 Lesser Beckoning         Tloc           11%        N/A       17%         3
 Teleport Other           Tloc           11%        N/A       17%         3
 Fulminant Prism          Conj/Hex       17%        3d11      17%         4
 Call Canine Familiar     Summ           7%         N/A       28%         3
 Summon Guardian Golem    Hex/Summ       7%         N/A       28%         3
 Dispel Undead            Necr           7%         3d8       67%         4
 Manifold Assault         Tloc           11%        N/A       85%         5
 Orb of Destruction       Conj           27%        9d11      95%         7
 Dispersal                Tloc           5%         N/A       100%        6
 Invisibility             Hex            3%         N/A       100%        6


Dungeon Overview and Level Annotations

Branches:
Dungeon (11/15)            Temple (1/1) D:5            Lair (0/6) D:10
    Orc (0/2) D:10         Bailey (visited)

Altars:
Hepliaklqana

Shops:
D:3 (

Annotations:
D:4 2 transporters, siradein's ghost, weakling MfGl


Innate Abilities, Weirdness & Mutations

You have sharp toenails.
You are mostly covered in large bone plates. (SH +6)
You sometimes gain a little power by taking damage.
Spells you cast may paralyse nearby enemies.


Message History

You start resting.
You feel a little less mighty now.
You regained 9 hp, and now have 27/81 hp.
You regained 6 mp, and now have 10/22 mp.
You start resting.
You feel yourself speed up.
You start resting.
You hear the thunderous beating of a very distant drum.
You recover from your berserk rage.
An acid dragon comes into view.
You regained 3 hp, and now have 32/81 hp.
You regained 3 mp, and now have 15/22 mp.
An acid dragon is nearby!
An acid dragon is nearby!
An acid dragon is nearby!
Casting: Sticky Flame (dangerous; 4% risk of failure)
Confirm with . or Enter, or press ? or * to list all spells.
Aiming: Fireball (dangerous; 14% risk of failure)
Press: ? - help, Shift-Dir - straight line, f - acid dragon
Aim: an acid dragon (wandering, hasn't noticed you)
You feel a strong surge of power!
The fireball explodes!
The fireball engulfs the acid dragon!
The acid dragon is heavily wounded.
The acid dragon roars!
Malevolent energies surge around you. The acid dragon spits acid at you.
The splash of acid hits you!!
* * * LOW HITPOINT WARNING * * *
You focus on the pain.
You feel your power returning.
You take 22 damage, and have 10/81 hp.
MASSIVE DAMAGE!!
You regained 4 mp, and now have 19/22 mp.
Casting: Scorch (safe; 1% risk of failure)
Press: ? - help, Q - select action, (/) - cycle Dir - look around, f - activate You feel a surge of power!
Flames lash the acid dragon.
The acid dragon is almost dead.
The acid dragon's fire resistance burns away.
Malevolent energies surge around you. The acid dragon spits acid at you.
The splash of acid hits you!!
You die...

#### #..###
##....##
#......####
##........##
##........#
#........# ####
##..D...### ##..#
#...##@.# ##...#
##..#####. .#...#
###....# .## .#...#
###.....##...
.....###....#..#.h#
............#.##.##
...#.......†###...#
####.........'T.#
.............'.##


You could see an acid dragon (catching breath, combustible).

Vanquished Creatures
  A hydra (D:9)
  A two-headed ogre (D:9)
  A cyclops (D:11)
  An ugly thing (D:9)
  A troll (D:11)
  A hornet (D:8)
  A wraith (D:10)
  2 shadows
  12 yaks
  A steam dragon (D:8)
  3 wargs (D:10)
  A swamp worm (shapeshifter) (D:9)
  2 acid dragons (D:11)
  4 water moccasins
  10 orc warriors (Bailey)
  A sky beast (D:6)
  An ice beast (D:6)
  2 phantoms
  11 centaurs
  3 bullfrogs
  A kobold brigand (D:9)
  Blork the orc (D:5)
  2 scorpions (D:5)
  A wyvern skeleton (D:7)
  A killer bee (D:9)
  12 wights
  5 howler monkeys
  5 centaur zombies
  2 hounds
  A jelly (D:7)
  2 gnoll shamans
  4 orc priests (D:10)
  Crazy Yiuf (D:5)
  A centaur skeleton (D:6)
  A scorpion zombie (D:5)
  Terence (D:2)
  Natasha (thrice) (D:2)
  6 iguanas
  3 orc wizards
  3 hound zombies (D:5)
  2 hound skeletons (D:4)
  A howler monkey zombie (D:9)
  Robin (D:2)
  3 gnolls (D:8)
  A howler monkey skeleton (D:6)
  An adder (D:2)
  A shadow imp (D:8)
  4 white imps
  An ufetubus (D:6)
  2 adder skeletons (D:5)
  2 dart slugs (D:2)
  2 worms (D:3)
  32 orcs
  9 endoplasms
  6 giant cockroaches
  21 goblins
  12 hobgoblins
  10 jackals
  7 kobolds
  4 quokkas
  10 ball pythons
  3 bats
  4 frilled lizards
  6 rats
  A spectral goblin (D:5)
262 creatures vanquished.

Vanquished Creatures (others)
  133 foxfires
  42 plants (D:9)
175 creatures vanquished.

Grand Total: 437 creatures vanquished

Notes
Turn   | Place    | Note
-------+----------+-------------------------------------------
     0 | D:1      | jasper the Demonspawn Cinder Acolyte began the quest for
                  | the Orb.
     0 | D:1      | Reached XP level 1. HP: 18/18 MP: 2/2
   110 | D:1      | Gained mutation: You are partially covered in large bone
                  | plates. (SH +4) [demonic ancestry]
   110 | D:1      | Reached XP level 2. HP: 13/24 MP: 2/4
   113 | D:1      | Learned a level 2 spell: Scorch
   455 | D:2      | Noticed Robin
   455 | D:2      | Noticed Natasha
   476 | D:2      | Noticed Terence
   872 | D:1      | Gained mutation: Spells you cast may paralyse adjacent
                  | enemies. [demonic ancestry]
   872 | D:1      | Reached XP level 3. HP: 23/29 MP: 4/6
   975 | D:1      | Found a faded altar of an unknown god.
  1902 | D:3      | Found Fyt Guxt's Antique Weapon Boutique.
  2405 | D:3      | Gained mutation: Spells you cast may paralyse nearby
                  | enemies. [demonic ancestry]
  2405 | D:3      | Reached XP level 4. HP: 34/35 MP: 2/7
  2410 | D:3      | Learned a level 4 spell: Olgreb's Toxic Radiance
  3163 | D:3      | Bought a fading dagger for 126 gold pieces
  3163 | D:3      | Identified the +2 dagger of Zunonkam {vorpal, Contam rPois
                  | rC++ Int+4} (You bought it in a shop on level 3 of the
                  | Dungeon)
  3280 | D:4      | Found a transporter.
  3281 | D:4      | Noticed a necrophage
  3286 | D:4      | Found a transporter.
  3287 | D:4      | Noticed siradein's ghost (weakling MfGl)
  3295 | D:4      | Identified the +1 dagger of Discord {spect, Contam *Corrode
                  | Str+9 SInv}
  3377 | D:4      | Gained mutation: You have sharp toenails. [demonic
                  | ancestry]
  3377 | D:4      | Reached XP level 5. HP: 30/41 MP: 5/9
  3855 | D:4      | Noticed a phantom
  3860 | D:4      | Killed a phantom
  3861 | D:4      | Reached XP level 6. HP: 41/47 MP: 2/12
  4235 | D:5      | Entered Level 5 of the Dungeon
  4235 | D:5      | Noticed a water moccasin
  4238 | D:5      | Killed a water moccasin
  4239 | D:5      | Reached skill level 1 in Poison Magic
  4513 | D:5      | Gained mutation: You are mostly covered in large bone
                  | plates. (SH +6) [demonic ancestry]
  4513 | D:5      | Reached XP level 7. HP: 43/52 MP: 5/14
  4634 | D:5      | Reached skill level 5 in Spellcasting
  4716 | D:5      | Noticed Blork the orc
  4723 | D:5      | Killed Blork the orc
  4866 | D:5      | Found a hazy altar of Hepliaklqana.
  5033 | D:5      | Found a staircase to the Ecumenical Temple.
  5155 | D:5      | Found a runed translucent door.
  5156 | D:5      | Noticed Crazy Yiuf
  5278 | D:5      | Killed Crazy Yiuf
  5403 | D:6      | Reached XP level 8. HP: 58/58 MP: 9/17
  5408 | D:6      | Learned a level 4 spell: Sticky Flame
  5410 | D:6      | Learned a level 1 spell: Apportation
  5801 | D:6      | Reached skill level 5 in Poison Magic
  6898 | D:7      | Found a flagged portal.
  6955 | Bailey   | Entered a bailey
  6974 | Bailey   | Reached XP level 9. HP: 48/63 MP: 13/18
  6977 | Bailey   | Learned a level 2 spell: Blink
  6983 | Bailey   | Learned a level 5 spell: Alistair's Intoxication
  7161 | Bailey   | Reached skill level 1 in Conjurations
  7161 | Bailey   | Reached skill level 1 in Transmutations
  8097 | Bailey   | Reached skill level 5 in Conjurations
  8620 | D:7      | Identified a scroll of acquirement
  8620 | D:7      | Acquired 632 gold pieces
  9106 | D:8      | Reached skill level 5 in Transmutations
  9192 | D:8      | Reached XP level 10. HP: 68/70 MP: 7/19
  9484 | D:8      | Reached skill level 1 in Translocations
  9851 | D:9      | Reached skill level 1 in Dodging
 10137 | D:2      | Killed Robin
 10138 | D:2      | Killed Terence
 10140 | D:2      | Killed Natasha
 10464 | D:2      | Noticed Natasha
 10470 | D:2      | Killed Natasha
 10550 | D:2      | Noticed Natasha
 10553 | D:2      | Killed Natasha
 10945 | Temple   | Entered the Ecumenical Temple
 11186 | D:9      | Noticed a two-headed ogre
 11210 | D:9      | Killed a two-headed ogre
 11495 | D:9      | Noticed a red ugly thing
 11514 | D:9      | Killed a red ugly thing
 11515 | D:9      | Reached skill level 5 in Fighting
 11648 | D:9      | Noticed a five-headed hydra
 11658 | D:9      | Noticed a manticore
 11678 | D:9      | HP: 3/74 [five-headed hydra (4)]
 11679 | D:9      | Killed a five-headed hydra
 11680 | D:9      | Gained mutation: You sometimes gain a little power by
                  | taking damage. [demonic ancestry]
 11680 | D:9      | Reached XP level 11. HP: 3/80 MP: 3/22
 12075 | D:9      | Noticed a flayed ghost
 12261 | D:10     | Entered Level 10 of the Dungeon
 12393 | D:10     | Found a staircase to the Lair.
 12394 | D:10     | Got the Guide on Unstable Conjuration
 12703 | D:10     | Learned a level 5 spell: Fireball
 12973 | D:10     | Reached skill level 5 in Fire Magic
 13099 | D:10     | Found a staircase to the Orcish Mines.
 13924 | D:11     | Killed from afar by an acid dragon

Illustrated notes

Levels and vault maps discovered:
D:1:      minmay_arrival_checkered_box, layout_basic,
          hellmonk_ecumenical_altar_heavens_door, chequers_serial_rivers_micro_b
D:2:      layout_rooms, uniq_natasha, uniq_terence, uniq_robin
D:3:      layout_loops_ring, cheibrodos_sewer_entry_bend, serial_shops,
          nicolae_shop_window_shopping
D:4:      layout_loops_corners, gammafunk_ghost_mausoleum,
          minmay_fractal_squares_gapless_5
D:5:      layout_basic, nicolae_hepliaklqana_monster_ancestors,
          minmay_temple_entry_tees, uniq_crazy_yiuf_cottage, uniq_blork_the_orc
D:6:      layout_loops_cross
D:7:      layout_gridville, enter_bailey_3
D:8:      layout_rooms
D:9:      nzn_winding_woodlands_cross [nzn_winding_woodlands_5x15_garden,
          nzn_winding_woodlands_5x15_crooked,
          nzn_winding_woodlands_5x15_sawtooth,
          nzn_winding_woodlands_5x15_default,
          nzn_winding_woodlands_15x15_five_gardens], layout_cave_pods,
          amethyst_killhole
D:10:     layout_long_grid, erik_lair_orcish_takeover
D:11:     layout_cave_pools, gauntlet_entry_generic, kennysheep_kite_vault
Temple:   kilobyte_greek_temple

Skill      XL: |  1  2  3  4  5  6  7  8  9 10 11 |
---------------+----------------------------------+-----
Fire Magic     | 3 4 6 |  6.1
Spellcasting   | 2 3 4 6 7 |  7.5
Poison Magic   | 2 4 8 |  8.6
Conjurations   | 5 7 8 |  8.2
Transmutations | 5 |  5.1
Translocations | 1 |  1.2
Dodging        | 4 |  4.2
Fighting       | 5 |  5.7
Axes           | |  2.6

Action                   |  1- 3 |  4- 6 |  7- 9 | 10-12 || total
-------------------------+-------+-------+-------+-------++-------
Melee: Hand axe          |   100 |     8 |       |       ||   108
       Dagger            |       |    37 |    35 |    97 ||   169
       Kick              |       |     8 |    12 |    38 ||    58
       Staff             |       |       |       |    44 ||    44
 Cast: Scorch            |    29 |    46 |   109 |    43 ||   227
       Olgreb's Toxic Ra |       |       |    40 |    44 ||    84
       Sticky Flame      |       |       |     7 |    26 ||    33
       Fireball          |       |       |       |     6 ||     6
Invok: Foxfire Swarm     |     1 |       |     5 |     2 ||     8
Evoke: Wand              |       |       |     5 |       ||     5
  Use: Scroll            |       |     3 |    11 |     5 ||    19
       Potion            |       |       |       |     8 ||     8
 Stab: Sleeping          |     1 |       |       |       ||     1
       Paralysed         |     2 |    11 |    15 |    27 ||    55
Armor: Robe              |    34 |    21 |    11 |       ||    66
       Steam dragon scal |       |       |       |    60 ||    60
       Skin              |       |       |       |     4 ||     4
Dodge: Dodged            |    71 |     5 |    45 |    85 ||   206
Block: Other             |    25 |     5 |    10 |    35 ||    75

Table legend: (Time is in decaauts)
 A = Elapsed time spent in this place.
 B = Non-inter-level travel time spent in this place.
 C = Inter-level travel time spent in this place.
 D = Time resting spent in this place.
 E = Time spent auto-exploring this place.
 F = Levels seen in this place.
 G = Mean time per level.
                   A        B        C        D        E       F      G
               +--------+--------+--------+--------+--------+-----+--------+
         Total |  14007 |  13489 |    518 |   2322 |   9048 |  13 | 1077.5 |
       Dungeon |  12388 |  11870 |    518 |   1898 |   8250 |  11 | 1126.2 |
        Temple |      1 |      1 |      0 |      0 |      0 |   1 |    1.0 |
        Bailey |   1617 |   1617 |      0 |    424 |    797 |   1 | 1617.0 |
               +--------+--------+--------+--------+--------+-----+--------+

Top non-repeatable levels by time:
  Bailey: 1617 daAuts
     D:4: 1578 daAuts
     D:1: 1567 daAuts
     D:9: 1339 daAuts
    D:10: 1323 daAuts
     D:8: 1224 daAuts
     D:5: 1146 daAuts
     D:6: 1145 daAuts
     D:3: 1061 daAuts
     D:2: 1000 daAuts
     D:7: 638 daAuts
    D:11: 363 daAuts
  Temple: 1 daAuts
